 Dungeon Crawl Stone Soup version 0.23-a0-419-g0174fd80c1 (webtiles) character file.

9843 Notair the Spear-Bearer (level 11, 0/101 HPs)
             Began as a Minotaur Gladiator on Nov 13, 2018.
             Was a High Priest of Okawaru.
             Slain by a death yak (12 damage)
             ... on level 11 of the Dungeon.
             The game lasted 00:24:42 (10725 turns).

Notair the Spear-Bearer (Minotaur Gladiator)       Turns: 10725, Time: 00:24:43

Health: 0/101      AC: 17    Str: 20    XL:     11   Next: 28%
Magic:  7/10       EV: 10    Int:  8    God:    Okawaru [*****.]
Gold:   479        SH:  0    Dex: 11    Spells: 10/10 levels left

rFire    + + .     SeeInvis .   I - +0 halberd
rCold    . . .     Gourm    .   (shield currently unavailable)
rNeg     + . .     Faith    .   L - +0 plate armour of the Bruised Lives {rF+ Slay+2}
rPois    .         Spirit   .   c - +1 hat
rElec    .         Reflect  .   m - scarf {repulsion}
rCorr    .         Harm     .   (no gloves)
MR       .....                  (no boots)
Stlth    ..........             l - amulet of regeneration
HPRegen  0.66/turn              x - ring of positive energy
MPRegen  0.12/turn              G - ring of protection from fire

@: heroism, repel missiles
A: retaliatory headbutt, horns 2
a: Heroism, Finesse, Renounce Religion


You were on level 11 of the Dungeon.
You worshipped Okawaru.
Okawaru was extremely pleased with you.
You were very hungry.

You visited 2 branches of the dungeon, and saw 12 of its levels.
You also visited: Ossuary.

You collected 479 gold pieces.

Inventory:

Hand Weapons
 a - a +1 trident of flaming
 t - a +0 blowgun
 I - a +0 halberd (weapon)
 J - a +0 hand crossbow
Missiles
 d - a throwing net (quivered)
 p - 138 poisoned needles
 v - 39 sling bullets
 A - 105 bolts
Armour
 c - a +1 hat (worn)
 m - a scarf of repulsion (worn)
 L - the +0 plate armour of the Bruised Lives (worn) {rF+ Slay+2}
   (You found it on level 6 of the Dungeon)

   It affects your accuracy and damage with ranged weapons and melee attacks
   (+2).
   It protects you from fire.
Jewellery
 l - an amulet of regeneration (around neck)
 x - a ring of positive energy (left hand)
 G - a ring of protection from fire (right hand)
Wands
 e - a wand of paralysis (8)
 r - a wand of random effects (49)
 P - a wand of digging (8)
 Q - a wand of polymorph (14)
 S - a wand of iceblast (31)
 V - a wand of flame (43)
Scrolls
 h - a scroll of magic mapping
 i - 3 scrolls of enchant armour
 k - 3 scrolls of immolation
 n - 4 scrolls of remove curse
 w - a scroll of blinking {unknown}
 y - a scroll of fog {unknown}
 F - 2 scrolls of random uselessness {unknown}
 H - a scroll of enchant weapon {unknown}
 K - 3 scrolls of fear {unknown}
 M - 7 scrolls of teleportation {unknown}
 R - a scroll of silence {unknown}
 U - a scroll of noise {unknown}
 W - a scroll of brand weapon {unknown}
Potions
 b - 2 potions of agility
 g - 2 potions of haste
 j - a potion of berserk rage {unknown}
 o - 4 potions of curing
 q - a potion of magic {unknown}
 s - 2 potions of lignification
 u - a potion of mutation {unknown}
 z - a potion of experience {unknown}
 B - 3 potions of cancellation {unknown}
 C - 6 potions of might
 D - 2 potions of heal wounds
 E - a potion of invisibility {unknown}
 N - a potion of ambrosia {unknown}
 O - 2 potions of flight {unknown}
Miscellaneous
 Y - a phantom mirror
 Z - a phial of floods (inert)
Comestibles
 f - 19 rations


   Skills:
 + Level 10.8(15.8) Fighting
 * Level 14.7(19.7) Polearms
 - Level 3.3(8.3) Throwing
 + Level 10.0(15.0) Armour
 - Level 3.2(8.2) Dodging


You had 10 spell levels left.
You didn't know any spells.
Your spell library contained the following spells:

 Spells                   Type           Power        Failure   Level  Hunger
 Magic Dart               Conj           #...         99%         1    ##.....
 Sandblast                Erth           #.....       99%         1    ##.....
 Blink                    Tloc           N/A          100%        2    ###....
 Call Imp                 Summ           #.......     100%        2    ###....
 Passwall                 Tmut/Erth      #.......     100%        2    ###....
 Slow                     Hex            #.......     100%        2    ###....
 Conjure Flame            Conj/Fire      #.......     100%        3    ####...
 Mephitic Cloud           Conj/Pois/Air  #.......     100%        3    ####...
 Stone Arrow              Conj/Erth      #.....       100%        3    ####...
 Petrify                  Tmut/Erth      #.......     100%        4    #####..
 Lee's Rapid Deconstruct  Erth           #.........   100%        5    ######.


Dungeon Overview and Level Annotations

Branches:
Dungeon (11/15)            Temple (1/1) D:7             Orc (0/2) D:11
   Lair: D:8-11

Altars:
Ashenzari
Cheibriados
Gozag
Hepliaklqana
Kikubaaqudgha
Nemelex Xobeh
Okawaru
Qazlal
Ru
Sif Muna
Trog
Uskayaw
Vehumet
Wu Jian
Xom
Yredelemnul
Zin
The Shining One

Annotations:
D:4 3 runed doors, Shaidar's ghost, amateur GnWz; hemabe's ghost, amateur HuAr


Innate Abilities, Weirdness & Mutations

You reflexively headbutt those who attack you in melee.
You have a pair of horns on your head.


Message History

You feel much better.
The death yak gores you but does no damage.
Okay, then.
You gain the combat prowess of a mighty hero.
The death yak gores you!
* * * LOW HITPOINT WARNING * * *
You hit the death yak.
The death yak is almost dead.
You puncture the death yak!
The death yak is almost dead.
The death yak gores you.
* * * LOW HITPOINT WARNING * * *
You barely miss the death yak.
The death yak is almost dead.
The death yak gores you!
* * * LOW HITPOINT WARNING * * *
You hit the death yak but do no damage. Your headbutt misses the death yak.
The death yak is almost dead.
The death yak gores you!
You die...

........#........
........##..##.##.#
..............$. .# ###
...##.#####.z#.# .# #.#..
...##.Y....#.#.##.# #.#.#
...##........[.##.# #.#.#
...###.....##..##.########.#.####
...# #.[...##.r##................
(..###.....##.rY@................
.....#.....###z##..........†.####
.....#.....# #.##......#........<
.....#.....###>...####.#.#.######
..........###..........#.(.#
..........# #..............#
..........# #..........###.#
##........# #^.........# #.#
##........# #..........# ...


You could see a death yak, a hell rat, a wight and a quokka.

Vanquished Creatures
  A two-headed ogre (D:10)
  A death yak (D:11)
  Nergalle (D:11)
  An ugly thing (D:11)
  2 trolls (D:9)
  Prince Ribbit (D:5)
  2 hippogriffs
  3 wyverns
  A yak (D:9)
  A wraith (D:10)
  5 hungry ghosts
  Menkaure (D:4)
  An orc warrior (D:7)
  A black bear (D:10)
  4 ice beasts
  5 ogres
  4 centaurs
  3 crocodiles
  A big kobold (D:10)
  3 bullfrogs
  A wyvern zombie (D:10)
  A wyvern skeleton (D:9)
  3 scorpions
  7 killer bees (D:8)
  11 wights
  3 howler monkeys
  An electric eel (D:10)
  9 crimson imps
  2 centaur zombies
  A human zombie (Ossuary)
  5 jellies
  5 orc priests
  5 hounds
  A centaur skeleton (D:8)
  4 orc wizards
  Natasha (thrice) (D:4)
  6 iguanas
  6 worker ants
  4 big kobold zombies (Ossuary)
  An ogre zombie (D:11)
  A hound zombie (D:9)
  A hound skeleton (D:8)
  3 mummies
  2 worker ant zombies
  Robin (D:4)
  A howler monkey skeleton (D:4)
  5 adders
  7 gnolls
  3 shadow imps
  An ooze (D:2)
  3 adder zombies
  An adder skeleton (D:8)
  3 dart slugs
  2 worms
  4 leopard geckos
  36 orcs
  3 giant cockroaches
  10 hobgoblins
  20 jackals
  8 quokkas
  A ball python (D:3)
  10 bats
  3 frilled lizards
  14 goblins
  2 goblin zombies (Ossuary)
  12 hobgoblin zombies
  2 jackal zombies (Ossuary)
  10 kobolds
  12 kobold zombies (Ossuary)
  A leopard gecko skeleton (D:5)
  8 orc zombies
  A quokka skeleton (D:4)
  5 rats
317 creatures vanquished.

Vanquished Creatures (collateral kills)
  A two-headed ogre (D:10)
1 creature vanquished.

Vanquished Creatures (others)
  2 withered plants (D:4)
2 creatures vanquished.

Grand Total: 320 creatures vanquished

Notes
Turn   | Place    | Note
-------+----------+-------------------------------------------
     0 | D:1      | Notair the Minotaur Gladiator began the quest for the Orb.
     0 | D:1      | Reached XP level 1. HP: 18/18 MP: 0/0
   250 | D:1      | Reached skill level 4 in Polearms
   251 | D:1      | Reached XP level 2. HP: 25/25 MP: 1/1
   754 | D:2      | Reached XP level 3. HP: 31/31 MP: 2/2
  1213 | D:1      | Reached skill level 5 in Polearms
  1213 | D:1      | Reached XP level 4. HP: 23/38 MP: 3/3
  1873 | D:3      | Reached XP level 5. HP: 46/46 MP: 4/4
  2258 | D:3      | Found a shimmering altar of Xom.
  2468 | D:4      | Noticed an ogre
  2476 | D:4      | Killed an ogre
  2476 | D:4      | Reached skill level 6 in Polearms
  2476 | D:4      | Reached skill level 1 in Armour
  2476 | D:4      | Reached XP level 6. HP: 30/53 MP: 5/5
  2614 | D:4      | Noticed Menkaure
  2621 | D:4      | Killed Menkaure
  2774 | D:4      | Found a runed gate.
  2775 | D:4      | Found a runed gate.
  2775 | D:4      | Found a runed gate.
  2777 | D:4      | Noticed hemabe's ghost (amateur HuAr)
  2777 | D:4      | Noticed Shaidar's ghost (amateur GnWz)
  2808 | D:4      | Reached skill level 7 in Polearms
  2855 | D:4      | Reached skill level 5 in Fighting
  2855 | D:4      | Reached XP level 7. HP: 60/61 MP: 6/6
  3151 | D:4      | Noticed Robin
  3164 | D:4      | Killed Robin
  3350 | D:4      | Noticed Natasha
  3355 | D:4      | Killed Natasha
  3579 | D:4      | Noticed Natasha
  3593 | D:4      | Killed Natasha
  3593 | D:4      | Reached skill level 8 in Polearms
  3761 | D:4      | Found a runed gate.
  3762 | D:4      | Found a runed gate.
  3763 | D:4      | Found a runed gate.
  3766 | D:4      | Noticed Natasha
  3779 | D:4      | Killed Natasha
  3854 | D:5      | Entered Level 5 of the Dungeon
  3905 | D:5      | Found a sacrificial altar of Ru.
  3944 | D:5      | Noticed Prince Ribbit
  3972 | D:5      | Killed Prince Ribbit
  3972 | D:5      | Reached XP level 8. HP: 38/70 MP: 7/7
  4837 | D:6      | Reached skill level 9 in Polearms
  4884 | D:6      | Identified the cursed +0 plate armour of the Bruised Lives
                  | {rF+ Slay+2} (You found it on level 6 of the Dungeon)
  5438 | D:7      | Found a sand-covered staircase.
  5446 | Ossuary  | Entered an ossuary
  5592 | Ossuary  | Reached skill level 5 in Armour
  5760 | D:7      | Reached skill level 10 in Polearms
  5837 | D:7      | Found a staircase to the Ecumenical Temple.
  5884 | Temple   | Entered the Ecumenical Temple
  5932 | Temple   | Became a worshipper of Warmaster Okawaru
  6065 | D:7      | You fall through a shaft!
  6071 | D:8      | Reached XP level 9. HP: 79/79 MP: 8/8
  6166 | D:7      | Reached * piety under Okawaru
  6692 | D:7      | Reached skill level 11 in Polearms
  7851 | D:9      | Reached skill level 12 in Polearms
  7931 | D:9      | Reached ** piety under Okawaru
  7935 | D:9      | Noticed a troll
  7955 | D:9      | Killed a troll
  8083 | D:9      | Reached XP level 10. HP: 91/91 MP: 9/9
  8510 | D:9      | Reached *** piety under Okawaru
  8514 | D:9      | Reached skill level 13 in Polearms
  8900 | D:10     | Entered Level 10 of the Dungeon
  8997 | D:10     | Noticed a two-headed ogre
  9008 | D:10     | Killed a two-headed ogre
  9008 | D:10     | Reached **** piety under Okawaru
  9008 | D:10     | Reached skill level 10 in Fighting
  9441 | D:10     | Noticed a two-headed ogre
  9452 | D:10     | Killed a two-headed ogre
  9452 | D:10     | Received a gift from Okawaru
  9694 | D:10     | Reached skill level 14 in Polearms
 10194 | D:11     | Noticed Nergalle
 10211 | D:11     | Killed Nergalle
 10211 | D:11     | Reached XP level 11. HP: 90/101 MP: 10/10
 10254 | D:11     | Reached ***** piety under Okawaru
 10279 | D:11     | Noticed an orc sorcerer
 10280 | D:11     | Found a staircase to the Orcish Mines.
 10556 | D:11     | Noticed a white ugly thing
 10568 | D:11     | Killed a white ugly thing
 10679 | D:11     | Noticed a death yak
 10690 | D:11     | Noticed a death yak
 10692 | D:11     | Noticed a death yak
 10711 | D:11     | Killed a death yak
 10711 | D:11     | Received a gift from Okawaru
 10711 | D:11     | Reached skill level 10 in Armour
 10725 | D:11     | Slain by a death yak

Vault maps used:
D:1:      ncdulo_halloftheorcs
D:2:      cheibrodos_pilgrimage
D:3:      xom_teletrap_fun, first_ration, serial_park_tiny_pond, chequers_garden
D:4:      gammafunk_ghost_cemetery, uniq_menkaure, uniq_robin, uniq_natasha
D:5:      nicolae_ru_sacrificial_ziggurat, uniq_prince_ribbit1
D:7:      temple_statues, gup_ossuary_entry_pyramid
D:9:      wad_guarded_room
D:10:     blue_anna_alchemist, chequers_serial_rivers_small_a
D:11:     dpeg_lair_monsters, zombieorc1_lemuel, uniq_josephine, uniq_nergalle
Temple:   compressed_dpeg_triangle_lava_temple
Ossuary:  ossuary_tomb_1

Skill      XL: |  1  2  3  4  5  6  7  8  9 10 11 |
---------------+----------------------------------+-----
Polearms       | 4 5 6 7 8 10 12 14 | 14.7
Fighting       | 3 4 5 6 7 9 10 | 10.8
Throwing       | 3 |  3.3
Armour         | 1 2 4 6 7 9 10 | 10.0
Dodging        | |  3.2

Action                   |  1- 3 |  4- 6 |  7- 9 | 10-12 || total
-------------------------+-------+-------+-------+-------++-------
Melee: Trident           |    76 |   137 |   139 |       ||   352
       Headbutt          |    13 |    23 |    87 |    38 ||   161
       Halberd           |       |       |   402 |   244 ||   646
Throw: Throwing net      |       |     1 |     4 |     1 ||     6
Invok: Heroism           |       |       |     3 |     4 ||     7
Evoke: Wand              |       |       |       |     2 ||     2
       Phial of floods   |       |       |       |     1 ||     1
  Use: Scroll            |       |     3 |     6 |     6 ||    15
       Potion            |       |       |       |     3 ||     3
 Stab: Held in net/web   |       |     1 |       |       ||     1
  Eat: Chunk             |       |     6 |    13 |     8 ||    27
       Ration            |       |       |     2 |     5 ||     7
Armor: Leather armour    |    14 |     3 |       |       ||    17
       Ring mail         |       |    20 |       |       ||    20
       Scale mail        |       |     5 |     6 |       ||    11
       Chain mail        |       |       |    51 |       ||    51
       Plate armour      |       |       |   174 |   128 ||   302
Dodge: Dodged            |    41 |    59 |   153 |    71 ||   324

Table legend:
 A = Non-vault XP
 B = Vault XP
 C = Vault XP percentage of total XP
 D = Non-vault monster count
 E = Vault monster count
 F = Vault count percentage of total count
                 A         B        C        D         E       F
            +---------+---------+-------+---------+---------+-------
      Total |    9767 |    4295 |  30.5 |     232 |      86 |  27.0
            +---------+---------+-------+---------+---------+-------
        D:1 |      30 |      46 |  60.5 |      18 |       2 |  10.0
        D:2 |      39 |      15 |  27.8 |      19 |       5 |  20.8
        D:3 |     155 |       0 |   0.0 |      30 |       0 |   0.0
        D:4 |     581 |     245 |  29.7 |      26 |      14 |  35.0
        D:5 |     191 |     283 |  59.7 |       9 |       1 |  10.0
        D:6 |     175 |       0 |   0.0 |      15 |       0 |   0.0
        D:7 |    1192 |      16 |   1.3 |      26 |       1 |   3.7
        D:8 |    1473 |       0 |   0.0 |      39 |       0 |   0.0
        D:9 |    1862 |    1128 |  37.7 |      23 |      12 |  34.3
       D:10 |    2759 |      92 |   3.2 |      18 |       1 |   5.3
       D:11 |    1310 |    2251 |  63.2 |       9 |      12 |  57.1
    Ossuary |       0 |     219 | 100.0 |       0 |      38 | 100.0
            +---------+---------+-------+---------+---------+-------
